 Dungeon Crawl Stone Soup version 0.29-a0-892-g2c4c91d9db (webtiles) character file.

Game seed: 711810492687917452

20 LynnLen the Sneak (level 2, 0/14 HPs)
             Began as a Spriggan Enchanter on July 23, 2022.
             Slain by a goblin
             ... wielding a +0 club
              (3 damage)
             ... on level 2 of the Dungeon.
             The game lasted 00:03:51 (1040 turns).

LynnLen the Sneak (Spriggan Enchanter)              Turns: 1040, Time: 00:03:52

Health: 0/14       AC:  2    Str:  4    XL:     2   Next: 58%
Magic:  6/6        EV: 17    Int: 16    God:
Gold:   42         SH:  0    Dex: 15    Spells: 6/6 levels left

rFire   . . .      SeeInvis +   a - +1 dagger
rCold   . . .      Faith    .   (no shield)
rNeg    . . .      Spirit   .   b - +0 robe
rPois   .          Reflect  .   (helmet restricted)
rElec   .          Harm     .   (no cloak)
rCorr   .          Rampage  .   (gloves unavailable)
Will    .....                   (boots unavailable)
Stlth   +++.......              (no amulet)
HPRegen 0.04/turn               (no ring)
MPRegen 0.10/turn               (no ring)

@: very quick
A: very small, no large weapons, unfitting armour, see invisible, speed 3
a: no special abilities


You were on level 2 of the Dungeon.
You visited 1 branch of the dungeon, and saw 2 of its levels.

You collected 42 gold pieces.

Inventory:

Hand Weapons
 a - a +1 dagger (weapon)
Missiles
 f - 3 poisoned darts (quivered)
Armour
 b - a +0 robe (worn)
Scrolls
 j - a scroll of teleportation
Potions
 c - 2 potions of invisibility
 d - a potion of flight
 e - a potion of ambrosia {unknown}
 i - a potion of mutation {unknown}


   Skills:
 * Level 0.4 Fighting
 + Level 1.2 Short Blades
 + Level 2.6 Dodging
 + Level 4.8 Stealth
 + Level 2.9 Spellcasting
 + Level 4.1 Hexes


You had 6 spell levels left.
You didn't know any spells.
Your spell library contained the following spells:

 Spells                   Type           Power      Damage    Failure   Level
 Confusing Touch          Hex            15%        N/A       10%         3
 Tukima's Dance           Hex            15%        N/A       10%         3
 Ensorcelled Hibernation  Hex/Ice        18%        N/A       12%         2
 Dazzling Flash           Conj/Hex       18%        N/A       24%         3


Dungeon Overview and Level Annotations

Branches:
Dungeon (2/15)

Altars:


Innate Abilities, Weirdness & Mutations

You are very small and have problems with some larger weapons.
You are too small for most types of armour.
You have supernaturally acute eyesight. (SInv)
You cover ground extremely quickly. (Speed+++)


Message History

As you read the scroll labelled TOWKAO JERPH, it crumbles to dust.
It is a scroll of identify.
d - a potion of flight Your surroundings suddenly seem different.
No monsters, items or features are visible.
There is a stone staircase leading down here.
You climb downwards.
There is a stone staircase leading up here.
You feel your willpower return.
Found a robe.
A hobgoblin comes into view.
A quokka comes into view.
The quokka bites you.
You barely miss the quokka. The quokka completely misses you.
You closely miss the quokka. The quokka misses you.
You hit the quokka but do no damage. The quokka completely misses you.
You closely miss the quokka. The quokka misses you.
You hit the quokka.
The quokka is moderately wounded.
The quokka bites you.
You hit the quokka.
The quokka is severely wounded.
The quokka closely misses you. The quokka bites you.
You hit the quokka but do no damage.
The quokka is severely wounded.
The quokka completely misses you.
You hit the quokka.
The quokka is almost dead.
The quokka closely misses you.
You hit the quokka.
You kill the quokka!
You start resting.
A goblin comes into view. It is wielding a +0 club.
You start resting.
A goblin is nearby!
You closely miss the goblin. The goblin closely misses you.
You hit the goblin but do no damage. The goblin hits you with a +0 club.
* * * LOW HITPOINT WARNING * * *
You barely miss the goblin. The goblin hits you with a +0 club.
You die...

#.#............#
#.#....###.###.#
######.#......#.###.###
........................
.######.#..#####.###.#.#
#.#...............
#.#........###.####
#.#.#########
###........@g.#
#.......#####.#
#.......# #.# #.......#
#.# #####.#######.#
#.........# ..[......g#
##..........
#.g.........


You could see a goblin.

Vanquished Creatures
  3 ball pythons (D:1)
  3 endoplasms (D:1)
  A giant cockroach (D:1)
  A goblin (D:1)
  4 kobolds (D:1)
  2 quokkas
  A bat (D:1)
  3 rats (D:1)
18 creatures vanquished.

Vanquished Creatures (others)
  3 fungi (D:1)
  3 plants (D:1)
6 creatures vanquished.

Grand Total: 24 creatures vanquished

Notes
Turn   | Place    | Note
-------+----------+-------------------------------------------
     0 | D:1      | LynnLen the Spriggan Enchanter began the quest for the Orb.
     0 | D:1      | Reached XP level 1. HP: 9/9 MP: 5/5
    42 | D:1      | Found a faded altar of an unknown god.
   172 | D:1      | Reached XP level 2. HP: 9/13 MP: 6/6
  1040 | D:2      | Slain by a goblin

Illustrated notes

Levels and vault maps discovered:
D:1:      mushboom_english_gardens, layout_basic, shapermc_ecumenical_altar_gd
D:2:      layout_basic, uniq_terence

Skill      XL: |  1 |
---------------+----+-----
Hexes          | 4 |  4.1
Fighting       | |  0.4
Short Blades   | |  1.2
Dodging        | |  2.6
Stealth        | |  4.8
Spellcasting   | |  2.9

Action                   || total
-------------------------++-------
Melee: Dagger            ||    53
       Punch             ||     1
  Use: Scroll            ||     4
 Stab: Sleeping          ||     7
Armor: Robe              ||     1
Dodge: Dodged            ||    30

Table legend: (Time is in decaauts)
 A = Elapsed time spent in this place.
 B = Non-inter-level travel time spent in this place.
 C = Inter-level travel time spent in this place.
 D = Time resting spent in this place.
 E = Time spent auto-exploring this place.
 F = Levels seen in this place.
 G = Mean time per level.
                   A        B        C        D        E       F      G
               +--------+--------+--------+--------+--------+-----+--------+
         Total |    757 |    739 |     18 |      3 |    524 |   2 |  378.5 |
       Dungeon |    757 |    739 |     18 |      3 |    524 |   2 |  378.5 |
               +--------+--------+--------+--------+--------+-----+--------+

Top non-repeatable levels by time:
     D:1: 686 daAuts
     D:2: 71 daAuts
